2008 views
Uploaded 2024-05-23 16:38:24
Game version 1.36 (6115)
12:07 long 1on1 custom game on (2)EchoIsles
Game name "123stg"
Saved by VladStg
2008 views
Uploaded 2024-05-23 16:38:24
Game version 1.36 (6115)
12:07 long 1on1 custom game on (2)EchoIsles
Game name "123stg"

26 units @ 3.2k
/ 0.2k
16 buildings @ 1.7k
/ 0.6k


| Scroll of Regeneration | 1 | 100 |
| Lesser Clarity Potion | 1 | 70 |
| total: | 2 | 170g |
| Peasant | 12 | 900 | / | 0 |
| Footman | 4 | 540 | / | 0 |
| Rifleman | 5 | 1025 | / | 150 |
| Priest | 3 | 405 | / | 30 |
| Sorceress | 2 | 310 | / | 40 |
| total: | 26 | 3180g | / | 220w |
| Scout Tower | 1 | 30 | / | 20 |
| Arcane Tower | 1 | 70 | / | 50 |
| Altar of Kings | 1 | 180 | / | 50 |
| Farm | 7 | 560 | / | 140 |
| Barracks | 1 | 160 | / | 60 |
| Blacksmith | 1 | 140 | / | 60 |
| Arcane Vault | 3 | 390 | / | 90 |
| Lumber Mill | 1 | 120 | / | 0 |
| Arcane Sanctum | 1 | 150 | / | 140 |
| Keep | 1 | 320 | / | 210 |
| total: | 16 | 1730g | / | 560w |
| 0:01 | Peasant |
| 0:01 | Peasant |
| 0:11 | Altar of Kings |
| 0:23 | Farm |
| 0:31 | Peasant |
| 0:36 | Barracks |
| 0:43 | Peasant |
| 0:50 | Farm |
| 0:57 | Peasant |
| 1:08 | Peasant |
| 1:32 | Farm |
| 1:38 | Footman |
| 1:42 | Peasant |
| 1:52 | Footman |
| 2:00 | Peasant |
| 2:14 | Peasant |
| 2:16 | Footman |
| 2:24 | Summon Water Elemental |
| 2:39 | Scout Tower |
| 2:50 | Footman |
| 3:20 | Keep |
| 3:22 | Arcane Tower |
| 3:41 | Blacksmith |
| 3:54 | Arcane Vault |
| 4:16 | Farm |
| 4:20 | Farm |
| 4:25 | Arcane Vault |
| 6:01 | Rifleman |
| 6:25 | Arcane Sanctum |
| 6:29 | Arcane Vault |
| 6:36 | Rifleman |
| 6:52 | Scroll of Regeneration |
| 6:52 | Lesser Clarity Potion |
| 6:58 | Storm Bolt |
| 7:05 | Lumber Mill |
| 7:29 | Long Rifles |
| 7:33 | Black Gunpowder |
| 7:52 | Priest |
| 7:59 | Rifleman |
| 8:13 | Brilliance Aura |
| 8:36 | Sorceress |
| 9:14 | Sorceress |
| 9:16 | Rifleman |
| 9:32 | Rifleman |
| 9:33 | Priest |
| 9:49 | Farm |
| 9:50 | Farm |
| 10:12 | Priest Adept Training |
| 10:15 | Studded Leather Armor |
| 10:16 | Improved Lumber Harvesting |
| 10:20 | Bash |
| 10:43 | Priest |
| 11:01 | Peasant |
| 11:01 | Peasant |
| 11:01 | Peasant |
| 11:12 | Summon Water Elemental |
| 11:20 | Refined Gunpowder |
| Right click | 912 |
| Select | 283 |
| Select group | 228 |
| Misc. action | 84 |
| Build/train/purchase | 68 |
| Assign group | 50 |
| Use ability | 8 |
| Chat | 4 |
| Remove unit | 1 |
22 units @ 3.2k
/ 0.2k
18 buildings @ 3k
/ 1.4k


| Healing Salve | 4 | 400 |
| Lesser Clarity Potion | 3 | 210 |
| total: | 7 | 610g |
| Peon | 9 | 675 | / | 0 |
| Grunt | 7 | 1400 | / | 0 |
| Raider | 6 | 1080 | / | 240 |
| total: | 22 | 3155g | / | 240w |
| Watch Tower | 2 | 220 | / | 160 |
| Altar of Storms | 2 | 360 | / | 100 |
| Orc Burrow | 5 | 800 | / | 200 |
| Barracks | 1 | 180 | / | 50 |
| Voodoo Lounge | 1 | 130 | / | 30 |
| Great Hall | 1 | 385 | / | 185 |
| War Mill | 1 | 205 | / | 0 |
| Beastiary | 5 | 725 | / | 700 |
| Stronghold | 1 | 315 | / | 190 |
| total: | 18 | 3005g | / | 1425w |
| 0:01 | Peon |
| 0:01 | Peon |
| 0:04 | Altar of Storms |
| 0:09 | Altar of Storms |
| 0:17 | Orc Burrow |
| 0:22 | Peon |
| 0:34 | Barracks |
| 0:42 | Peon |
| 0:58 | Peon |
| 1:23 | Peon |
| 1:29 | Orc Burrow |
| 1:35 | Grunt |
| 1:48 | Voodoo Lounge |
| 2:00 | Peon |
| 2:08 | Feral Spirit |
| 2:12 | Peon |
| 2:22 | Grunt |
| 3:08 | Grunt |
| 3:34 | Stronghold |
| 3:36 | Orc Burrow |
| 3:56 | Healing Salve |
| 3:57 | Healing Salve |
| 3:58 | Lesser Clarity Potion |
| 5:06 | Chain Lighting |
| 5:13 | Grunt |
| 5:55 | Grunt |
| 5:58 | Beastiary |
| 5:59 | Beastiary |
| 6:03 | Beastiary |
| 6:04 | Beastiary |
| 7:00 | Lesser Clarity Potion |
| 7:01 | Healing Salve |
| 7:07 | Endurance Aura |
| 7:09 | Raider |
| 7:09 | Ensnare |
| 7:12 | Beastiary |
| 7:59 | Raider |
| 8:05 | Great Hall |
| 8:19 | Orc Burrow |
| 8:20 | Orc Burrow |
| 8:25 | War Mill |
| 9:47 | Watch Tower |
| 9:47 | Watch Tower |
| 9:59 | Grunt |
| 10:00 | Raider |
| 10:00 | Raider |
| 10:01 | Berserker Strength |
| 10:43 | Shockwave |
| 10:57 | Raider |
| 10:57 | Raider |
| 11:00 | Lesser Clarity Potion |
| 11:01 | Healing Salve |
| 11:14 | Peon |
| 11:22 | Grunt |
| Right click | 883 |
| Select group | 411 |
| Select | 257 |
| Misc. action | 88 |
| Assign group | 52 |
| Build/train/purchase | 50 |
| Use ability | 18 |
| Chat | 4 |
| Item give/drop | 1 |